TOP OF THE 1ST |
Richmond Flairs batting - Pitching for Amarillo Archdukes : RHP Raymond Gregg
|
Pitching: RHP Raymond Gregg
|
|
Batting: RHB Freddy Padilla
|
0-0: Ball 1-0: Fly out, F3 (Popup, 3S)
|
Batting: RHB Mario López
|
0-0: Fly out, F7 (Flyball, 78M)
|
Batting: LHB Sean Nicks
|
0-0: Foul Ball, location: 2F 0-1: Swinging Strike 0-2: SINGLE (Groundball, 4MD)
|
Batting: LHB Luis Villa
|
0-0: Ball 1-0: Swinging Strike 1-1: Foul Ball, location: 2F 1-2: Ball 2-2: Foul Ball, location: 2F 2-2: Ball 3-2: Base on Balls Sean Nicks to second
|
Batting: RHB Hollis Wood
|
0-0: Ball 1-0: Fly out, F9 (Flyball, 9S)
|
Top of the 1st over - 0 run(s), 1 hit(s), 0 error(s), 2 left on base; Richmond 0 - Amarillo 0 |
BOTTOM OF THE 1ST |
Amarillo Archdukes batting - Pitching for Richmond Flairs : RHP Gene O'Neal
|
Pitching: RHP Gene O'Neal
|
|
Batting: SHB Álex Hernández
|
0-0: Foul Ball, location: 2F 0-1: Reached on error, E5 (Popup, 5)
|
Batting: RHB Norm Francis
|
0-0: Ball 1-0: Foul Ball, location: 2F 1-1: Ball 2-1: Ball 3-1: Fly out, F8 (Line Drive, 8LM)
|
Batting: LHB Michael Cook
|
0-0: Ball Álex Hernández is caught stealing 2nd base 1-0: SOLO HOME RUN (Flyball, 8LXD), Distance : 408 ft
|
Batting: RHB Esteban Lara
|
0-0: Swinging Strike 0-1: Foul Ball, location: 2F 0-2: Hit by Pitch
|
Batting: RHB Seiji Kouno
|
0-0: Called Strike 0-1: Ball 1-1: Ball 2-1: TRIPLE (Flyball, 89XD) Esteban Lara scores
|
Batting: LHB José Martínez
|
0-0: Ball 1-0: Called Strike 1-1: Foul Ball, location: 2F 1-2: SINGLE (Groundball, 4MD) Seiji Kouno scores
|
Batting: RHB Michael Thomas
|
0-0: Swinging Strike 0-1: Ball 1-1: Reached on error, E6 (Groundball, 6) José Martínez to second
|
Batting: LHB Edwin Ryan
|
0-0: Called Strike 0-1: Foul Ball, location: 2F 0-2: Foul Ball, location: 2F 0-2: Ball 1-2: Fielders Choice at 2nd, 4-6 (Groundball, 4)
|
Bottom of the 1st over - 3 run(s), 3 hit(s), 2 error(s), 1 left on base; Richmond 0 - Amarillo 3 |
TOP OF THE 2ND |
Richmond Flairs batting - Pitching for Amarillo Archdukes : RHP Raymond Gregg
|
Batting: LHB Roland Jones
|
0-0: Called Strike 0-1: Swinging Strike 0-2: Ground out 5-3 (Groundball, 56)
|
Batting: RHB R.J. Crosby
|
0-0: Ground out 6-3 (Groundball, 6MS)
|
Batting: LHB Dave Gray
|
0-0: Swinging Strike 0-1: Ball 1-1: Called Strike 1-2: Strikes out looking
|
Top of the 2nd over - 0 run(s), 0 hit(s), 0 error(s), 0 left on base; Richmond 0 - Amarillo 3 |
BOTTOM OF THE 2ND |
Amarillo Archdukes batting - Pitching for Richmond Flairs : RHP Gene O'Neal
|
Batting: LHB John Frost
|
0-0: Called Strike 0-1: Foul Ball, location: 2F 0-2: Ground out 4-3 (Groundball, 4)
|
Batting: SHB Álex Hernández
|
0-0: Called Strike 0-1: Ball 1-1: SINGLE (Line Drive, 6D)
|
Batting: RHB Norm Francis
|
0-0: Ball 1-0: Called Strike 1-1: Ball 2-1: Foul Ball, location: 2F 2-2: Ball 3-2: Foul Ball, location: 2F 3-2: Base on Balls Álex Hernández to second
|
Batting: LHB Michael Cook
|
0-0: Ball Álex Hernández is caught stealing 3rd base Norm Francis to second 1-0: Foul Ball, location: 2F 1-1: Fly out, F7 (Flyball, 78D)
|
Bottom of the 2nd over - 0 run(s), 1 hit(s), 0 error(s), 1 left on base; Richmond 0 - Amarillo 3 |
TOP OF THE 3RD |
Richmond Flairs batting - Pitching for Amarillo Archdukes : RHP Raymond Gregg
|
Batting: RHB Gary Thomas
|
0-0: Ball 1-0: Called Strike 1-1: Ball 2-1: Called Strike 2-2: Ball 3-2: Foul Ball, location: 2F 3-2: Fly out, F8 (Flyball, 8RM)
|
Batting: RHB Freddy Padilla
|
0-0: Ball 1-0: Ball 2-0: Foul Ball, location: 2F 2-1: Called Strike 2-2: Ball 3-2: Strikes out swinging
|
Batting: RHB Mario López
|
0-0: Foul Ball, location: 2F 0-1: Ball 1-1: Ball 2-1: Ball 3-1: SINGLE (Groundball, 5D)
|
Batting: LHB Sean Nicks
|
0-0: Called Strike 0-1: Ball 1-1: Ball 2-1: SINGLE (Flyball, 9) Mario López to second Runner from 2nd tries for 3rd, SAFE, throw made to third
|
Batting: LHB Luis Villa
|
0-0: Foul Ball, location: 2F 0-1: Called Strike 0-2: Foul Ball, location: 2F 0-2: Strikes out swinging
|
Top of the 3rd over - 0 run(s), 2 hit(s), 0 error(s), 2 left on base; Richmond 0 - Amarillo 3 |
BOTTOM OF THE 3RD |
Amarillo Archdukes batting - Pitching for Richmond Flairs : RHP Gene O'Neal
|
Batting: RHB Esteban Lara
|
0-0: SINGLE (Line Drive, 7S)
|
Batting: RHB Seiji Kouno
|
0-0: Called Strike 0-1: Ball 1-1: Grounds into double play, 1-6-3 (Groundball, 13)
|
Batting: LHB José Martínez
|
0-0: Ball 1-0: Called Strike 1-1: Foul Ball, location: 2F 1-2: SINGLE (Groundball, 4D)
|
Batting: RHB Michael Thomas
|
0-0: Ball 1-0: Ball 2-0: 2-RUN HOME RUN (Flyball, 78XD), Distance : 370 ft
|
Batting: LHB Edwin Ryan
|
0-0: Ball 1-0: Called Strike 1-1: Ground out 4-3 (Groundball, 34D)
|
Bottom of the 3rd over - 2 run(s), 3 hit(s), 0 error(s), 0 left on base; Richmond 0 - Amarillo 5 |
TOP OF THE 4TH |
Richmond Flairs batting - Pitching for Amarillo Archdukes : RHP Raymond Gregg
|
Batting: RHB Hollis Wood
|
0-0: Called Strike 0-1: Foul Ball, location: 2F 0-2: Ball 1-2: Ground out 6-3 (Groundball, 6)
|
Batting: LHB Roland Jones
|
0-0: Swinging Strike 0-1: Swinging Strike 0-2: Ball 1-2: Foul Ball, location: 2F 1-2: Strikes out swinging
|
Batting: RHB R.J. Crosby
|
0-0: Called Strike 0-1: Ball 1-1: Fly out, F7 (Flyball, 7)
|
Top of the 4th over - 0 run(s), 0 hit(s), 0 error(s), 0 left on base; Richmond 0 - Amarillo 5 |
BOTTOM OF THE 4TH |
Amarillo Archdukes batting - Pitching for Richmond Flairs : RHP Gene O'Neal
|
Batting: LHB John Frost
|
0-0: Called Strike 0-1: Ball 1-1: Swinging Strike 1-2: Foul Ball, location: 2F 1-2: Ball 2-2: Strikes out looking
|
Batting: SHB Álex Hernández
|
0-0: Ball 1-0: Foul Ball, location: 2F 1-1: Ball 2-1: Ball 3-1: Fly out, F7 (Line Drive, 7)
|
Batting: RHB Norm Francis
|
0-0: Ball 1-0: Ball 2-0: Called Strike 2-1: Foul Ball, location: 2F 2-2: Strikes out swinging
|
Bottom of the 4th over - 0 run(s), 0 hit(s), 0 error(s), 0 left on base; Richmond 0 - Amarillo 5 |
TOP OF THE 5TH |
Richmond Flairs batting - Pitching for Amarillo Archdukes : RHP Raymond Gregg
|
Batting: LHB Dave Gray
|
0-0: Ball 1-0: Ground out 6-3 (Groundball, 6D)
|
Batting: RHB Gary Thomas
|
0-0: Foul Ball, location: 2F 0-1: Called Strike 0-2: Foul Ball, location: 2F 0-2: Strikes out looking
|
Batting: RHB Freddy Padilla
|
0-0: Called Strike 0-1: Ball 1-1: SINGLE (Groundball, 34D)
|
Batting: RHB Mario López
|
0-0: Ball 1-0: Ball 2-0: SINGLE (Groundball, 6D) Freddy Padilla to second
|
Batting: LHB Sean Nicks
|
0-0: Ball 1-0: Ball 2-0: Ball 3-0: Base on Balls Freddy Padilla to third Mario López to second
|
Batting: LHB Luis Villa
|
0-0: Ball 1-0: SINGLE (Line Drive, 7S) Freddy Padilla scores Mario López to third Sean Nicks to second Runner from 3rd tries for Home, throw and OUT!
|
Top of the 5th over - 1 run(s), 3 hit(s), 0 error(s), 2 left on base; Richmond 1 - Amarillo 5 |
BOTTOM OF THE 5TH |
Amarillo Archdukes batting - Pitching for Richmond Flairs : RHP Gene O'Neal
|
Pitching: RHP Sandro Gonzáles
|
|
Batting: LHB Michael Cook
|
0-0: Foul Ball, location: 2F 0-1: Foul Ball, location: 2F 0-2: SOLO HOME RUN (Flyball, 9D), Distance : 357 ft
|
Batting: RHB Esteban Lara
|
0-0: Called Strike 0-1: Swinging Strike 0-2: Ball 1-2: Foul Ball, location: 2F 1-2: Strikes out swinging
|
Batting: RHB Seiji Kouno
|
0-0: Fly out, F7 (Flyball, 78M)
|
Batting: LHB José Martínez
|
0-0: Ball 1-0: Ball 2-0: Called Strike 2-1: Ball 3-1: Base on Balls
|
Batting: RHB Michael Thomas
|
0-0: Swinging Strike 0-1: Fly out, F4 (Line Drive, 4D)
|
Bottom of the 5th over - 1 run(s), 1 hit(s), 0 error(s), 1 left on base; Richmond 1 - Amarillo 6 |
TOP OF THE 6TH |
Richmond Flairs batting - Pitching for Amarillo Archdukes : RHP Raymond Gregg
|
Batting: RHB Hollis Wood
|
0-0: Ball 1-0: Ball 2-0: Called Strike 2-1: Foul Ball, location: 2F 2-2: Foul Ball, location: 2F 2-2: Ball 3-2: Foul Ball, location: 2F 3-2: Base on Balls
|
Batting: LHB Roland Jones
|
0-0: Ball 1-0: Ball 2-0: Called Strike 2-1: Ball 3-1: Foul Ball, location: 2F 3-2: Foul Ball, location: 2F 3-2: Foul Ball, location: 2F 3-2: Base on Balls Hollis Wood to second
|
Pitching: RHP Pedro Lara
|
|
Batting: RHB R.J. Crosby
|
0-0: Grounds into double play, U5-3 (Groundball, 5L) Roland Jones to second
|
Batting: LHB Dave Gray
|
0-0: Ball 1-0: Foul Ball, location: 2F 1-1: Foul Ball, location: 2F 1-2: Ball 2-2: Ball 3-2: Strikes out swinging
|
Top of the 6th over - 0 run(s), 0 hit(s), 0 error(s), 1 left on base; Richmond 1 - Amarillo 6 |
BOTTOM OF THE 6TH |
Amarillo Archdukes batting - Pitching for Richmond Flairs : RHP Sandro Gonzáles
|
Batting: LHB Edwin Ryan
|
0-0: Fly out, F9 (Line Drive, 9)
|
Batting: LHB John Frost
|
0-0: Ball 1-0: Ball 2-0: Ball 3-0: Base on Balls
|
Batting: SHB Álex Hernández
|
0-0: Ball 1-0: Swinging Strike 1-1: SINGLE (Groundball, 56D) John Frost to second
|
Batting: RHB Norm Francis
|
0-0: Ball John Frost steals 3rd base Álex Hernández to second 1-0: Ball 2-0: Called Strike 2-1: Foul Ball, location: 2F 2-2: Foul Ball, location: 2F 2-2: Foul Ball, location: 2F 2-2: Ball 3-2: Fly out, F6 (Popup, 6MS)
|
Batting: LHB Michael Cook
|
0-0: Ball 1-0: Called Strike 1-1: Ball 2-1: Ball 3-1: Base on Balls
|
Batting: RHB Esteban Lara
|
0-0: Fly out, F8 (Line Drive, 8RD)
|
Bottom of the 6th over - 0 run(s), 1 hit(s), 0 error(s), 3 left on base; Richmond 1 - Amarillo 6 |
TOP OF THE 7TH |
Richmond Flairs batting - Pitching for Amarillo Archdukes : RHP Pedro Lara
|
Batting: RHB Gary Thomas
|
0-0: Called Strike 0-1: Hit by Pitch
|
Batting: RHB Freddy Padilla
|
Balk! Gary Thomas to second 0-0: Ball 1-0: Called Strike 1-1: Ball 2-1: Foul Ball, location: 2F 2-2: DOUBLE (Flyball, 89XD) Gary Thomas scores
|
Batting: RHB Mario López
|
0-0: Ball 1-0: Ball 2-0: Ground out 6-3 (Groundball, 6M) Freddy Padilla to third
|
Batting: LHB Sean Nicks
|
0-0: Foul Ball, location: 2F 0-1: Foul Ball, location: 2F 0-2: Foul Ball, location: 2F 0-2: Ball 1-2: Foul Ball, location: 2F 1-2: Ball 2-2: Strikes out swinging
|
Batting: LHB Luis Villa
|
0-0: Ball 1-0: Foul Ball, location: 2F 1-1: Ball 2-1: SINGLE (Line Drive, 89M) Freddy Padilla scores
|
Pitching: RHP José Abacil
|
|
Batting: RHB Hollis Wood
|
0-0: Fielders Choice at 2nd, 4-6 (Groundball, 4)
|
Top of the 7th over - 2 run(s), 2 hit(s), 0 error(s), 0 left on base; Richmond 3 - Amarillo 6 |
BOTTOM OF THE 7TH |
Amarillo Archdukes batting - Pitching for Richmond Flairs : RHP Sandro Gonzáles
|
Batting: RHB Seiji Kouno
|
0-0: Ball 1-0: Foul Ball, location: 2F 1-1: Fly out, F8 (Flyball, 78XD)
|
Batting: LHB José Martínez
|
0-0: Foul Ball, location: 2F 0-1: Ball 1-1: Ball 2-1: Ground out 4-3 (Groundball, 34)
|
Batting: RHB Michael Thomas
|
0-0: SINGLE (Line Drive, 34)
|
Batting: LHB Edwin Ryan
|
0-0: Foul Ball, location: 2F 0-1: Called Strike 0-2: Ground out 2-3 (Groundball, 2R)
|
Bottom of the 7th over - 0 run(s), 1 hit(s), 0 error(s), 1 left on base; Richmond 3 - Amarillo 6 |
TOP OF THE 8TH |
Richmond Flairs batting - Pitching for Amarillo Archdukes : RHP José Abacil
|
Batting: LHB Roland Jones
|
0-0: Called Strike 0-1: Foul Ball, location: 2F 0-2: Ball 1-2: Ball 2-2: Ball 3-2: Foul Ball, location: 2F 3-2: Foul Ball, location: 2F 3-2: Foul Ball, location: 2F 3-2: Ground out 4-3 (Groundball, 4)
|
Batting: RHB R.J. Crosby
|
0-0: Ball 1-0: SINGLE (Flyball, 9S)
|
Pitching: LHP Christiano Gomes
|
|
Batting: LHB Dave Gray
|
0-0: Ball 1-0: Ball 2-0: Foul Ball, location: 2F 2-1: Fly out, F9 (Flyball, 89M)
|
Pitching: RHP Dalton Ray
|
|
Batting: RHB Gary Thomas
|
0-0: Ball 1-0: Ball 2-0: Fly out, F9 (Flyball, 9LSF)
|
Top of the 8th over - 0 run(s), 1 hit(s), 0 error(s), 1 left on base; Richmond 3 - Amarillo 6 |
BOTTOM OF THE 8TH |
Amarillo Archdukes batting - Pitching for Richmond Flairs : RHP Sandro Gonzáles
|
Batting: LHB John Frost
|
0-0: Fly out, F7 (Flyball, 78M)
|
Batting: SHB Álex Hernández
|
0-0: Swinging Strike 0-1: Ball 1-1: Ball 2-1: Swinging Strike 2-2: Foul Ball, location: 2F 2-2: Ball 3-2: TRIPLE (Line Drive, 78S)
|
Batting: RHB Norm Francis
|
0-0: Foul Ball, location: 2F 0-1: Swinging Strike 0-2: Ball 1-2: Ball 2-2: Ball 3-2: Fly out, F7 (Flyball, 7S) Runner from 3rd tags up, SCORES, throw made
|
Batting: LHB Michael Cook
|
0-0: SINGLE (Groundball, 4MD)
|
Pitching: LHP Orlando Díaz
|
|
Batting: RHB Esteban Lara
|
0-0: Called Strike 0-1: Swinging Strike 0-2: Ball 1-2: Ball 2-2: Ball Michael Cook steals 2nd base 3-2: Strikes out looking
|
Bottom of the 8th over - 1 run(s), 2 hit(s), 0 error(s), 1 left on base; Richmond 3 - Amarillo 7 |
TOP OF THE 9TH |
Richmond Flairs batting - Pitching for Amarillo Archdukes : RHP Dalton Ray
|
Pitching: RHP Brian Hull
|
|
Batting: RHB Freddy Padilla
|
0-0: Foul Ball, location: 2F 0-1: Ball 1-1: Fly out, F8 (Line Drive, 8LM)
|
Batting: RHB Mario López
|
0-0: Called Strike 0-1: Ball 1-1: Ground out 6-3 (Groundball, 6)
|
Batting: LHB Sean Nicks
|
0-0: Ball 1-0: Ball 2-0: Foul Ball, location: 2F 2-1: SINGLE (Line Drive, 89M)
|
Batting: LHB Luis Villa
|
0-0: Swinging Strike 0-1: Swinging Strike 0-2: Strikes out swinging
|
Top of the 9th over - 0 run(s), 1 hit(s), 0 error(s), 1 left on base; Richmond 3 - Amarillo 7 |
|